| TOP OF THE 1ST |
|
Chicago (NYP) White Sox batting - Pitching for Mahoning Valley Scrappers : RHP Fomio Tashima
|
|
Pitching: RHP Fomio Tashima
|
|
|
Batting: RHB Dusty Ballard
|
0-0: Called Strike 0-1: Swinging Strike 0-2: Strikes out swinging
|
|
Batting: RHB Jeremy Hoffert
|
0-0: Ball 1-0: SINGLE (Groundball, 25, EV 60.6 MPH) (infield hit)
|
|
Batting: RHB Justin Usner
|
0-0: Ball Jeremy Hoffert steals 2nd base (no throw) 1-0: Ball Jeremy Hoffert steals 3rd base 2-0: Called Strike 2-1: Foul Ball, location: 2F 2-2: Ground out 5-3 (Groundball, 56, EV 100.0 MPH) Jeremy Hoffert scores
|
|
Batting: LHB Brandon Hopper
|
0-0: Ball 1-0: Ball 2-0: Ball 3-0: Called Strike 3-1: Base on Balls
|
|
Batting: LHB Jason Bell
|
0-0: Ball 1-0: Called Strike Brandon Hopper steals 2nd base 1-1: Ball 2-1: Called Strike 2-2: Strikes out swinging
|
| Top of the 1st over - 1 run, 1 hit, 0 errors, 1 left on base; Chicago (NYP) 1 - Mahoning Valley 0 |
| BOTTOM OF THE 1ST |
|
Mahoning Valley Scrappers batting - Pitching for Chicago (NYP) White Sox : LHP Isaiah Oates
|
|
Pitching: LHP Isaiah Oates
|
|
|
Batting: LHB John Harring
|
0-0: Foul Ball, location: 2F 0-1: Ball 1-1: Ball 2-1: Foul Ball, location: 2F 2-2: Strikes out swinging
|
|
Batting: RHB Jeremy Givens
|
0-0: Ball 1-0: Ball 2-0: Foul Ball, location: 2F 2-1: Ball 3-1: Base on Balls
|
|
Batting: RHB Ryan Gautney
|
0-0: Ball 1-0: Ball 2-0: Called Strike 2-1: Foul Ball, location: 2F 2-2: Strikes out swinging
|
|
Batting: SHB Joe Zeiset
|
0-0: Ball 1-0: Ball 2-0: SINGLE (Groundball, 56, EV 112.5 MPH) (infield hit) Jeremy Givens to second
|
|
Batting: LHB Devon Grant
|
0-0: Called Strike 0-1: Ball 1-1: Ball 2-1: Ground out U3 (Groundball, 3S, EV 88.8 MPH)
|
| Bottom of the 1st over - 0 runs, 1 hit, 0 errors, 2 left on base; Chicago (NYP) 1 - Mahoning Valley 0 |
| TOP OF THE 2ND |
|
Chicago (NYP) White Sox batting - Pitching for Mahoning Valley Scrappers : RHP Fomio Tashima
|
|
Batting: RHB Mitch Cuadros
|
0-0: Ball 1-0: Swinging Strike 1-1: Ball 2-1: Foul Ball, location: 2F 2-2: Ball 3-2: Foul Ball, location: 2F 3-2: Base on Balls
|
|
Batting: LHB Wes Goscinski
|
0-0: Swinging Strike 0-1: Called Strike 0-2: Strikes out swinging
|
|
Batting: SHB Jason Bresnahan
|
0-0: Foul Ball, location: 2F 0-1: Ball 1-1: Foul Ball, location: 2F 1-2: Strikes out looking
|
|
Batting: RHB David Laureano
|
0-0: Swinging Strike 0-1: Foul Ball, location: 2F 0-2: Foul Ball, location: 2F 0-2: Ball 1-2: Strikes out swinging
|
| Top of the 2nd over - 0 runs, 0 hits, 0 errors, 1 left on base; Chicago (NYP) 1 - Mahoning Valley 0 |
| BOTTOM OF THE 2ND |
|
Mahoning Valley Scrappers batting - Pitching for Chicago (NYP) White Sox : LHP Isaiah Oates
|
|
Batting: RHB Andy Lewis
|
0-0: Swinging Strike 0-1: Hit by Pitch
|
|
Batting: RHB Blake Kelly
|
0-0: Called Strike Andy Lewis is caught stealing 2nd base 2-4 0-1: Called Strike 0-2: Foul Ball, location: 2F 0-2: Foul Ball, location: 2F 0-2: SINGLE (Groundball, 56D, EV 105.0 MPH)
|
|
Batting: RHB Gashie Chimsima
|
0-0: Ball 1-0: Foul Ball, location: 2F Balk! Blake Kelly to second 1-1: SINGLE (Groundball, 6, EV 96.9 MPH) Blake Kelly to third Runner from 3rd tries for Home, SAFE, throw by CF to home
|
|
Batting: RHB Willie Gonzales
|
0-0: Ball 1-0: Called Strike 1-1: Foul Ball, location: 2F 1-2: Ball 2-2: Ball 3-2: Foul Ball, location: 2F 3-2: Strikes out swinging
|
|
Batting: LHB John Harring
|
0-0: Called Strike 0-1: Ball 1-1: Ball 2-1: Foul Ball, location: 2F 2-2: Strikes out looking
|
| Bottom of the 2nd over - 1 run, 2 hits, 0 errors, 1 left on base; Chicago (NYP) 1 - Mahoning Valley 1 |
| TOP OF THE 3RD |
|
Chicago (NYP) White Sox batting - Pitching for Mahoning Valley Scrappers : RHP Fomio Tashima
|
|
Batting: RHB Dusty Ballard
|
0-0: Foul Ball, location: 2F 0-1: Ball 1-1: Ball 2-1: Ball 3-1: Swinging Strike 3-2: Strikes out swinging
|
|
Batting: RHB Jeremy Hoffert
|
0-0: Called Strike 0-1: Swinging Strike 0-2: Foul Ball, location: 2F 0-2: Strikes out looking
|
|
Batting: RHB Justin Usner
|
0-0: Ball 1-0: Called Strike 1-1: Foul Ball, location: 2F 1-2: Ground out 6-3 (Groundball, 6, EV 82.5 MPH)
|
| Top of the 3rd over - 0 runs, 0 hits, 0 errors, 0 left on base; Chicago (NYP) 1 - Mahoning Valley 1 |
| BOTTOM OF THE 3RD |
|
Mahoning Valley Scrappers batting - Pitching for Chicago (NYP) White Sox : LHP Isaiah Oates
|
|
Batting: RHB Jeremy Givens
|
0-0: Called Strike 0-1: Called Strike 0-2: Foul Ball, location: 2F 0-2: Ball 1-2: SINGLE (Line Drive, 4D, EV 104.4 MPH)
|
|
Batting: RHB Ryan Gautney
|
0-0: Ball 1-0: Called Strike Balk! Jeremy Givens to second 1-1: Ball 2-1: Ground out U3 (Groundball, 34S, EV 82.5 MPH) Jeremy Givens to third
|
|
Batting: SHB Joe Zeiset
|
0-0: Called Strike 0-1: SINGLE (Groundball, 6MS, EV 67.5 MPH) (infield hit) Jeremy Givens scores
|
|
Batting: LHB Devon Grant
|
0-0: SINGLE (Line Drive, 8LS, EV 106.9 MPH) Joe Zeiset to second
|
|
Batting: RHB Andy Lewis
|
0-0: Foul Ball, location: 2F 0-1: SINGLE (Groundball, 25, EV 73.1 MPH) (infield hit) Joe Zeiset to third Devon Grant to second
|
|
Batting: RHB Blake Kelly
|
0-0: Called Strike 0-1: Ball 1-1: Ball 2-1: Swinging Strike 2-2: Foul Ball, location: 2F 2-2: Foul Ball, location: 2F 2-2: Ball 3-2: Foul Ball, location: 2F 3-2: Base on Balls Joe Zeiset scores Devon Grant to third Andy Lewis to second
|
|
Batting: RHB Gashie Chimsima
|
0-0: Swinging Strike 0-1: Ball 1-1: Ball 2-1: Fly out, F7 (Flyball, 7S, EV 75.6 MPH)
|
|
Batting: RHB Willie Gonzales
|
0-0: Called Strike 0-1: Foul Ball, location: 2F 0-2: Foul Ball, location: 2F 0-2: Foul Ball, location: 2F 0-2: Ball 1-2: Strikes out swinging
|
| Bottom of the 3rd over - 2 runs, 4 hits, 0 errors, 3 left on base; Chicago (NYP) 1 - Mahoning Valley 3 |
| TOP OF THE 4TH |
|
Chicago (NYP) White Sox batting - Pitching for Mahoning Valley Scrappers : RHP Fomio Tashima
|
|
Batting: LHB Brandon Hopper
|
0-0: Foul Ball, location: 2F 0-1: Ball 1-1: Called Strike 1-2: Ball 2-2: Strikes out swinging
|
|
Batting: LHB Jason Bell
|
0-0: Called Strike 0-1: Ball 1-1: Fly out, F3 (Line Drive, 3, EV 70.0 MPH)
|
|
Batting: RHB Mitch Cuadros
|
0-0: Ball 1-0: Fly out, F3 (Line Drive, 3, EV 65.6 MPH)
|
| Top of the 4th over - 0 runs, 0 hits, 0 errors, 0 left on base; Chicago (NYP) 1 - Mahoning Valley 3 |
| BOTTOM OF THE 4TH |
|
Mahoning Valley Scrappers batting - Pitching for Chicago (NYP) White Sox : LHP Isaiah Oates
|
|
Batting: LHB John Harring
|
0-0: Ball 1-0: Fly out, F5 (Popup, 5F, EV 60.0 MPH)
|
|
Batting: RHB Jeremy Givens
|
0-0: Ground out 6-3 (Groundball, 6, EV 93.8 MPH)
|
|
Batting: RHB Ryan Gautney
|
0-0: Called Strike 0-1: Foul Ball, location: 2F 0-2: Ball 1-2: Ball 2-2: SINGLE (Line Drive, 78M, EV 98.8 MPH)
|
|
Batting: SHB Joe Zeiset
|
0-0: Ball 1-0: 2-RUN HOME RUN (Flyball, 8RXD, EV 108.1 MPH), Distance : 443 ft
|
|
Pitching: RHP Miguel Romero
|
|
|
Batting: LHB Devon Grant
|
0-0: Fly out, F7 (Line Drive, 7, EV 98.1 MPH)
|
| Bottom of the 4th over - 2 runs, 2 hits, 0 errors, 0 left on base; Chicago (NYP) 1 - Mahoning Valley 5 |
| TOP OF THE 5TH |
|
Chicago (NYP) White Sox batting - Pitching for Mahoning Valley Scrappers : RHP Fomio Tashima
|
|
Batting: LHB Wes Goscinski
|
0-0: Ball 1-0: Swinging Strike 1-1: Ball 2-1: Foul Ball, location: 2F 2-2: Strikes out swinging
|
|
Batting: SHB Jason Bresnahan
|
0-0: Called Strike 0-1: Ball 1-1: Called Strike 1-2: Strikes out looking
|
|
Batting: RHB David Laureano
|
0-0: Foul Ball, location: 2F 0-1: Swinging Strike 0-2: Ball 1-2: Strikes out swinging
|
| Top of the 5th over - 0 runs, 0 hits, 0 errors, 0 left on base; Chicago (NYP) 1 - Mahoning Valley 5 |
| BOTTOM OF THE 5TH |
|
Mahoning Valley Scrappers batting - Pitching for Chicago (NYP) White Sox : RHP Miguel Romero
|
|
Batting: RHB Andy Lewis
|
0-0: Foul Ball, location: 2F 0-1: Ball 1-1: Fly out, F9 (Flyball, 9D, EV 92.5 MPH)
|
|
Batting: RHB Blake Kelly
|
0-0: Foul Ball, location: 2F 0-1: Ball 1-1: Called Strike 1-2: Foul Ball, location: 2F 1-2: Foul Ball, location: 2F 1-2: Ball 2-2: Strikes out swinging
|
|
Batting: RHB Gashie Chimsima
|
0-0: Ball 1-0: Ball 2-0: Called Strike 2-1: Foul Ball, location: 2F 2-2: Foul Ball, location: 2F 2-2: Ball 3-2: Fly out, F6 (Flyball, 6D, EV 88.8 MPH)
|
| Bottom of the 5th over - 0 runs, 0 hits, 0 errors, 0 left on base; Chicago (NYP) 1 - Mahoning Valley 5 |
| TOP OF THE 6TH |
|
Chicago (NYP) White Sox batting - Pitching for Mahoning Valley Scrappers : RHP Fomio Tashima
|
|
Batting: RHB Dusty Ballard
|
0-0: Swinging Strike 0-1: Called Strike 0-2: Ball 1-2: Ball 2-2: Strikes out swinging
|
|
Pitching: LHP J.J. Adkins
|
|
|
Batting: RHB Jeremy Hoffert
|
0-0: Ball 1-0: Ball 2-0: Ball 3-0: Called Strike 3-1: Foul Ball, location: 2F 3-2: DOUBLE (Flyball, 8LD, EV 104.4 MPH)
|
|
Batting: RHB Justin Usner
|
0-0: Called Strike 0-1: Foul Ball, location: 2F 0-2: Ball 1-2: Ball 2-2: Foul Ball, location: 2F 2-2: SINGLE (Line Drive, 7S, EV 101.9 MPH) Jeremy Hoffert to third
|
|
Batting: LHB Brandon Hopper
|
0-0: Foul Ball, location: 2F 0-1: Ball 1-1: Hit by Pitch Justin Usner to second
|
|
Batting: LHB Jason Bell
|
0-0: Called Strike 0-1: Grounds into double play, 4-6-3 (Groundball, 4, EV 98.1 MPH)
|
| Top of the 6th over - 0 runs, 2 hits, 0 errors, 2 left on base; Chicago (NYP) 1 - Mahoning Valley 5 |
| BOTTOM OF THE 6TH |
|
Mahoning Valley Scrappers batting - Pitching for Chicago (NYP) White Sox : RHP Miguel Romero
|
|
Batting: RHB Willie Gonzales
|
0-0: Called Strike 0-1: Ball 1-1: Swinging Strike 1-2: Strikes out swinging
|
|
Batting: LHB John Harring
|
0-0: Called Strike 0-1: Ground out 4-3 (Groundball, 4, EV 89.4 MPH)
|
|
Batting: RHB Jeremy Givens
|
0-0: Ball 1-0: Fly out, F9 (Flyball, 9LS, EV 93.8 MPH)
|
| Bottom of the 6th over - 0 runs, 0 hits, 0 errors, 0 left on base; Chicago (NYP) 1 - Mahoning Valley 5 |
| TOP OF THE 7TH |
|
Chicago (NYP) White Sox batting - Pitching for Mahoning Valley Scrappers : LHP J.J. Adkins
|
|
Pitching: LHP Victor Garcia
|
|
|
Batting: RHB Mitch Cuadros
|
0-0: Ball 1-0: Ball 2-0: Called Strike 2-1: Ball 3-1: Base on Balls
|
|
Batting: LHB Wes Goscinski
|
0-0: Foul Ball, location: 2F 0-1: Swinging Strike 0-2: Ball 1-2: Ball 2-2: Ball 3-2: Strikes out looking
|
|
Batting: SHB Jason Bresnahan
|
0-0: Fielders Choice at 2nd, 6-4 (Groundball, 6, EV 77.5 MPH)
|
|
Batting: RHB David Laureano
|
0-0: Ball 1-0: Called Strike 1-1: Ball 2-1: Foul Ball, location: 2F 2-2: Strikes out swinging
|
| Top of the 7th over - 0 runs, 0 hits, 0 errors, 1 left on base; Chicago (NYP) 1 - Mahoning Valley 5 |
| BOTTOM OF THE 7TH |
|
Mahoning Valley Scrappers batting - Pitching for Chicago (NYP) White Sox : RHP Miguel Romero
|
|
Pitching: LHP Yusufu Mustafa
|
|
|
Batting: RHB Ryan Gautney
|
0-0: Ball 1-0: Called Strike 1-1: Fly out, F2 (Popup, 25F, EV 78.1 MPH)
|
|
Batting: SHB Joe Zeiset
|
0-0: Called Strike 0-1: Called Strike 0-2: Ball 1-2: Strikes out swinging
|
|
Batting: LHB Devon Grant
|
0-0: Called Strike 0-1: Called Strike 0-2: Strikes out swinging
|
| Bottom of the 7th over - 0 runs, 0 hits, 0 errors, 0 left on base; Chicago (NYP) 1 - Mahoning Valley 5 |
| TOP OF THE 8TH |
|
Chicago (NYP) White Sox batting - Pitching for Mahoning Valley Scrappers : LHP Victor Garcia
|
|
Pitching: RHP Josh Hughes
|
|
|
Batting: RHB Dusty Ballard
|
0-0: Ball 1-0: Ball 2-0: Fly out, F7 (Flyball, 7LD, EV 104.4 MPH)
|
|
Batting: RHB Jeremy Hoffert
|
0-0: Called Strike 0-1: Called Strike 0-2: Fly out, F8 (Flyball, 8RD, EV 106.2 MPH)
|
|
Batting: RHB Justin Usner
|
0-0: Called Strike 0-1: Ball 1-1: Ball 2-1: Swinging Strike 2-2: SINGLE (Groundball, 56, EV 93.8 MPH)
|
|
Batting: LHB Brandon Hopper
|
0-0: Called Strike 0-1: Ball 1-1: Swinging Strike 1-2: Ball 2-2: Fly out, F7 (Flyball, 7LM, EV 78.1 MPH)
|
| Top of the 8th over - 0 runs, 1 hit, 0 errors, 1 left on base; Chicago (NYP) 1 - Mahoning Valley 5 |
| BOTTOM OF THE 8TH |
|
Mahoning Valley Scrappers batting - Pitching for Chicago (NYP) White Sox : LHP Yusufu Mustafa
|
|
Pitching: RHP Mike Cartwright
|
|
|
Batting: RHB Andy Lewis
|
0-0: Swinging Strike 0-1: Swinging Strike 0-2: Strikes out swinging
|
|
Batting: RHB Blake Kelly
|
0-0: Foul Ball, location: 2F 0-1: Ball 1-1: Ball 2-1: Called Strike 2-2: Ground out 5-3 (Groundball, 56, EV 100.0 MPH)
|
|
Batting: RHB Gashie Chimsima
|
0-0: Ball 1-0: Swinging Strike 1-1: Ball 2-1: Called Strike 2-2: Ball 3-2: Foul Ball, location: 2F 3-2: Fly out, F7 (Line Drive, 7D, EV 90.6 MPH)
|
| Bottom of the 8th over - 0 runs, 0 hits, 0 errors, 0 left on base; Chicago (NYP) 1 - Mahoning Valley 5 |
| TOP OF THE 9TH |
|
Chicago (NYP) White Sox batting - Pitching for Mahoning Valley Scrappers : RHP Josh Hughes
|
|
Pitching: RHP Victor Amador
|
|
|
Batting: LHB Jason Bell
|
0-0: Ball 1-0: Ball 2-0: Ball 3-0: Called Strike 3-1: Base on Balls
|
|
Batting: RHB Mitch Cuadros
|
0-0: SINGLE (Groundball, 4D, EV 105.6 MPH) Jason Bell to second Jason Bell to third
|
|
Pitching: RHP Chris DeVall
|
|
|
Batting: LHB Wes Goscinski
|
0-0: Ball 1-0: Foul Ball, location: 2F 1-1: Swinging Strike 1-2: Ball 2-2: Foul Ball, location: 2F 2-2: Strikes out swinging
|
|
Batting: SHB Jason Bresnahan
|
0-0: Called Strike 0-1: Hit by Pitch Mitch Cuadros to second
|
|
Pinch Hitting: LHB Ray Walden
|
0-0: Called Strike 0-1: Foul Ball, location: 2F 0-2: Strikes out swinging
|
|
Batting: RHB Dusty Ballard
|
0-0: Called Strike 0-1: Swinging Strike 0-2: Ball 1-2: Ball 2-2: Foul Ball, location: 2F 2-2: Foul Ball, location: 2F 2-2: Foul Ball, location: 2F 2-2: Ball 3-2: Base on Balls Jason Bell scores Mitch Cuadros to third Jason Bresnahan to second
|
|
Batting: RHB Jeremy Hoffert
|
0-0: Swinging Strike 0-1: Ball Wild Pitch! Mitch Cuadros scores Jason Bresnahan to third Dusty Ballard to second 1-1: Ground out 1-3 (Groundball, P, EV 73.1 MPH)
|
| Top of the 9th over - 2 runs, 1 hit, 0 errors, 2 left on base; Chicago (NYP) 3 - Mahoning Valley 5 |
|